 Dungeon Crawl Stone Soup version 0.19.1 (webtiles) character file.

16 Infernelias the Digger (level 2, -1/24 HPs)
             Began as a Troll Earth Elementalist on Dec 19, 2016.
             Killed by divine providence
             ... invoked by an orc priest
              (12 damage)
             ... on level 3 of the Dungeon.
             The game lasted 00:03:12 (220 turns).

Infernelias the Digger (Troll Earth Elementalist)    Turns: 220, Time: 00:03:13

Health: -1/24      AC:  5    Str: 15    XL:     2   Next: 37%
Magic:  3/3        EV: 10    Int: 11    God:
Gold:   16         SH:  0    Dex: 10    Spells: 1 memorised, 2 levels left

rFire  . . .     SeeInvis .     (no weapon)
rCold  . . .     Gourm    +     c - +0 robe
rNeg   . . .     Faith    .     (no shield)
rPois  .         Spirit   .     (helmet restricted)
rElec  .         Reflect  .     (no cloak)
rCorr  .         Harm     .     (gloves unavailable)
MR     .....                    (boots unavailable)
Stlth  +.........               g - amulet of regeneration
                                (no ring)
                                (no ring)

@: no status effects
A: unfitting armour, claws 3, fast metabolism 3, gourmand, regeneration 1,
shaggy fur 1, tough skin 2
a: no special abilities


You were on level 3 of the Dungeon.
You were not hungry.

You visited 1 branch of the dungeon, and saw 3 of its levels.

You collected 16 gold pieces.

Inventory:

Missiles
 b - 20 stones (quivered)
Armour
 c - a +0 robe (worn)
Jewellery
 g - an amulet of regeneration (around neck)
Scrolls
 a - a scroll of enchant weapon {unknown}
 f - a scroll of identify
 h - a scroll of enchant armour {unknown}
Books
 e - a book of Geomancy

   Spells                             Type                      Level
   a - Sandblast                      Earth                        1
   b - Passwall                       Transmutation/Earth          2
   c - Stone Arrow                    Conjuration/Earth            3
   d - Petrify                        Transmutation/Earth          4
   e - Lee's Rapid Deconstruction     Earth                        5
Comestibles
 d - 2 bread rations


   Skills:
 + Level 0.2 Fighting
 + Level 1.8 Dodging
 + Level 1.0 Stealth
 + Level 1.4 Spellcasting
   Level 0.6 Transmutations
 + Level 3.0 Earth Magic


You had 2 spell levels left.
You knew the following spells:

 Your Spells              Type           Power        Failure   Level  Hunger
a - Sandblast             Erth           #.....       12%         1    ##.....


Dungeon Overview and Level Annotations

Branches:
Dungeon (3/15)

Altars:


Innate Abilities, Weirdness & Mutations

You are too large for most types of armour.
You have claws for hands.
Your metabolism is lightning-fast.
You like to eat raw meat.
Your natural rate of healing is unusually fast.
You are covered in fur. (AC +1)
You have very tough skin. (AC +2)


Message History

The orc shouts! x3; The gnoll shouts!
The orc priest shouts!
You hear a shout! x3
Found a scroll labeled CIGOECW MOYGOF and 8 gold pieces.
There is a stone staircase leading up here.
The orc hits you but does no damage. The orc hits you.
You closely miss the orc. The orc priest closely misses you.
The orc closely misses you. x2; The orc completely misses you.
You claw the orc!
You kill the orc!
Your Earth Magic skill increases to level 3!
You feel sick.
You are no longer poisoned.
The orc barely misses you.
The orc priest invokes the aid of Beogh against you.
Pain shoots through your body! The orc barely misses you.
A gnoll comes into view. It is wielding a spear.
The orc hits you with a short sword.
The orc priest mumbles some strange prayers to Beogh against you.
Beogh smites you!
Ouch! That really hurt!
You die...

.### .$. ... ...
g.## ...g ..#
..g###.#####
...........####.
#.?..........
#..o.@o......
#.<.oo.######
####......#
#.####.# #.# ..
#.# ## #.# #.#
.#


You could see an orc priest, 2 gnolls and 3 orcs.

Vanquished Creatures
  An adder (D:2)
  An orc (D:3)
  A goblin (D:1)
  A hobgoblin (D:1)
  A bat (D:1)
  2 kobolds (D:1)
7 creatures vanquished.

Notes
Turn   | Place    | Note
-------+----------+-------------------------------------------
     0 | D:1      | Infernelias the Troll Earth Elementalist began the quest for the Orb.
     0 | D:1      | Reached XP level 1. HP: 16/16 MP: 1/1
   206 | D:2      | Reached XP level 2. HP: 11/24 MP: 3/3
   219 | D:3      | Reached skill level 3 in Earth Magic
   220 | D:3      | Killed from afar by an orc priest

Skill      XL: |  1  2 |
---------------+-------+-----
Earth Magic    | 3 |  3.0
Fighting       | |  0.2
Dodging        | |  1.8
Stealth        | |  1.0
Spellcasting   | |  1.4
Transmutations | |  0.6

Action                   || total
-------------------------++-------
Melee: Unarmed           ||    28
  Use: Scroll            ||     2
Armor: Robe              ||    15
Dodge: Dodged            ||    19
